[Event "Fredericia Candidate 2022"]
[Site "Fredericia"]
[Date "2022.05.27"]
[Round "1.1"]
[White "Thuesen, Mogens"]
[Black "Loftgaard, Mikkel Vinh"]
[Result "0-1"]
[ECO "B40"]
[WhiteElo "2255"]
[BlackElo "2072"]
[Annotator "TA"]
[PlyCount "70"]
[EventDate "2022.05.25"]
[EventType "swiss"]
[EventCountry "DEN"]
[SourceTitle "playchess.com"]
[Source "ChessBase"]
[SourceQuality "1"]
[TimeControl "40/5400+30:1800+30"]

1. e4 c5 2. Nf3 e6 3. d4 cxd4 4. Nxd4 Nf6 5. Nc3 Nc6 6. Ndb5 Bb4 7. a3 Bxc3+ 8. Nxc3 d5 9. exd5 exd5 10. Bd3 O-O 11. O-O Bg4 12. Ne2 Re8 {[%emt 0:04:20] B45: Sicilian Four Knights.} 13. h3 Bh5 {[%emt 0:00:22] [#]} 14. Re1 $146 ({Predecessor:} 14. Qd2 Ne5 15. Bb5 Nc4 16. Bxc4 dxc4 17. Nf4 Qe7 18. Nxh5 Nxh5 19. Qd5 Qe2 20. Be3 {0-1 (29) Mayer,I (1930)-Kepplinger,L (1961) Budapest 2019}) 14... Qb6 {[%emt 0:01:31] The position is equal.} 15. Qd2 Ne5 16. Nf4 Nxd3 17. Nxd3 Bg6 18. Rd1 Rac8 19. Qf4 (19. c3 $11 {remains equal.}) 19... Rc4 ({And not} 19... Rxc2 20. Be3 Qb3 21. Bd4 $15) ({Black should try} 19... d4 $1 $17 20. Qd2 h6) 20. Qg3 ({White should play} 20. Be3 $15 Qd8 21. Qg3) 20... Rxc2 $19 21. Nb4 {[%emt 0:08:31] [#]} Ne4 (21... Rce2 $1 $19 {Strongly threatening ...h6.} 22. Bf4 d4) 22. Qe3 $15 Qxe3 23. Bxe3 Rxb2 {[%emt 0:00:33] White must now prevent ...Nc3.} 24. Bxa7 (24. Nxd5 $11 {keeps the balance.} f6 25. Bxa7) 24... Nc3 $17 25. Re1 Ra8 {[%emt 0:03:24] 0x0.00226b442b4edp-1022s more active pieces.} 26. Kf1 Nb5 $36 {[%emt 0:03:55][%mdl 2048] Against Bd4. Black has some pressure.} 27. Bc5 d4 {[%emt 0:01:21] Hoping for ...d3.} 28. a4 (28. Nd5 $1 $15) 28... Nc7 $19 29. a5 {[%emt 0:07:04] [#]} (29. Bd6 $142) 29... Ne6 $1 30. Bd6 Rd8 31. Be7 Rd7 32. a6 bxa6 ({Don't do} 32... Rxe7 33. a7 Re8 34. a8=Q Rxa8 35. Rxa8+ Nf8 36. Ree8 Rb1+ 37. Ke2 Bh5+ 38. g4 $18) 33. Bc5 h6 {[%emt 0:00:15] Black is clearly winning.} 34. Nxa6 Bd3+ 35. Kg1 Bxa6 {Weighted Error Value: White=0.47/Black=0.15 (very precise)} 0-1

[Event "Fredericia Candidate 2022"]
[Site "Fredericia"]
[Date "2022.05.27"]
[Round "1.3"]
[White "Petersen, Steen"]
[Black "Andries, Alf"]
[Result "1/2-1/2"]
[ECO "A04"]
[WhiteElo "2103"]
[BlackElo "2049"]
[Annotator "TA"]
[PlyCount "61"]
[EventDate "2022.05.25"]
[EventType "swiss"]
[EventCountry "DEN"]
[SourceTitle "playchess.com"]
[Source "ChessBase"]
[SourceQuality "1"]
[TimeControl "40/5400+30:1800+30"]

1. Nf3 c5 2. c4 Nc6 3. g3 e5 4. Nc3 g6 5. Bg2 d6 6. d3 Bg7 7. Nd2 Nge7 8. Nf1 O-O 9. Ne3 Rb8 10. a3 a6 11. O-O b5 12. Rb1 {[%emt 0:01:00] [#] A37: Symmetrical English vs ...g6: 4 Bg2 Bg7 5 Nf3.} b4 $146 ({Predecessor:} 12... Be6 13. Ned5 Qd7 14. b4 cxb4 15. axb4 Bh3 16. e4 Bg4 17. Qd2 Nd4 18. Nxe7+ Qxe7 {½-½ (36) Rodshtein,M (2684)-Djukic,N (2517) Batumi 2019}) 13. axb4 Nxb4 14. Ned5 Nexd5 15. Nxd5 Nxd5 16. Bxd5 Bb7 17. Bxb7 Rxb7 18. Qa4 Rb6 19. Bd2 {[%emt 0:02:06] [#] Strongly threatening Ba5.} Qb8 20. b4 Qb7 21. Rb3 Rb8 22. Rfb1 d5 23. b5 {[%emt 0:09:17] Black must now prevent bxa6.} Qd7 24. Ba5 (24. Qa2 $5 axb5 25. Rxb5 Rxb5 26. cxb5 $14) 24... axb5 25. Rxb5 Rxb5 26. Rxb5 Rc8 27. Qb3 dxc4 28. Qxc4 Qd4 29. Qc1 e4 30. Rb3 exd3 31. exd3 {Weighted Error Value: White=0.06 (flawless) /Black=0.07 (flawless)} 1/2-1/2

[Event "Fredericia Candidate 2022"]
[Site "Fredericia"]
[Date "2022.05.27"]
[Round "1.4"]
[White "Zander, Emil"]
[Black "Medhus, Vitus Bondo"]
[Result "0-1"]
[ECO "B38"]
[WhiteElo "2018"]
[BlackElo "2100"]
[Annotator "TA"]
[PlyCount "88"]
[EventDate "2022.05.25"]
[EventType "swiss"]
[EventCountry "DEN"]
[SourceTitle "playchess.com"]
[Source "ChessBase"]
[SourceQuality "1"]
[TimeControl "40/5400+30:1800+30"]

1. e4 c5 2. Nf3 g6 3. d4 cxd4 4. Nxd4 Bg7 5. c4 Nc6 6. Be3 Nf6 7. Nc3 Qa5 {[%emt 0:00:43] B38: Sicilian: Maroczy Bind with 5...Bg7 and 7...0-0.} 8. f3 O-O 9. Qd2 d6 {[%emt 0:01:09] White has an edge.} 10. Rc1 Nxd4 11. Bxd4 Be6 12. b3 Rfc8 13. Be2 Nd7 14. Be3 {[%emt 0:05:53] [#]} f5 $146 ({Predecessor:} 14... a6 15. Nd5 Qxd2+ 16. Kxd2 Bxd5 17. exd5 a5 18. Rc2 b6 19. Rb1 Rc7 20. a3 Rb8 21. g4 h6 22. h4 {½-½ (22) Schleining,Z (2377)-De Jager,J (2423) Haarlem 2017}) 15. O-O ({White should try} 15. exf5 $14 Bxf5 16. O-O) 15... Nf6 {[%emt 0:08:23] [#]} (15... fxe4 $11 16. Nxe4 Qxd2 17. Bxd2 Ne5) 16. exf5 $1 $16 Bxf5 17. Bd3 Rd8 18. b4 Qxb4 19. Rb1 Qa5 20. Rb5 $36 {[%emt 0:01:10][%mdl 2048] White is more active.} (20. Rxb7 $5 Nd5 21. Nxd5 Qxd2 22. Bxd2 (22. Nxe7+ Kh8 $16) 22... Bxd3 23. Nxe7+ Kh8 24. Rc1 $16) 20... Qc7 21. Bxf5 gxf5 22. Nd5 (22. Rxf5 Qxc4 23. Rf4 Qf7 $11) 22... Nxd5 ({Better is} 22... Qd7 $14) 23. Qxd5+ Kh8 24. Rxb7 e6 25. Rxc7 exd5 26. cxd5 Re8 27. Bxa7 {[%emt 0:00:58][%mdl 8192] [#]} (27. Kf2 $18) 27... Rxa7 $1 $19 {[%emt 0:00:18][%mdl 576] Remove Defender} 28. Rxa7 $18 {[%emt 0:00:11][%mdl 4096] Endgame KRR-KRB} Bd4+ 29. Kh1 Bxa7 $19 {[%emt 0:00:08] KRB-KR} 30. Rc1 Re2 31. a4 ({Much weaker is} 31. Rc8+ Kg7 32. h4 Rxa2 $19) 31... Ra2 32. g4 ({But not} 32. Rc8+ Kg7 33. g4 Rxa4 $19) (32. g3 $142 Rxa4 33. Rc7) 32... Rxa4 ({Weaker is} 32... fxg4 33. Rc8+ Kg7 34. Rc7+ Kf6 35. Rxa7 $17) 33. gxf5 Bc5 34. Re1 Rf4 35. Kg2 Rxf5 36. Rd1 Rf4 37. Kg3 Rd4 38. Rxd4 (38. Re1 $19 Kg7 39. Re7+ Kg6 40. Re8) 38... Bxd4 {[%emt 0:00:07] KB-K3P. Black mates.} 39. Kg4 Kg7 40. Kf5 h6 41. f4 Kf7 42. h3 Bc3 43. h4 Bb2 44. Ke4 Kf6 {[%emt 0:00:18] Weighted Error Value: White=0.56/Black=0.15 (very precise)} 0-1

[Event "Fredericia Candidate 2022"]
[Site "Fredericia"]
[Date "2022.05.27"]
[Round "1.5"]
[White "Madsen, Michael B."]
[Black "Pedersen, Lars Wilton"]
[Result "1/2-1/2"]
[ECO "D35"]
[WhiteElo "2084"]
[BlackElo "2006"]
[Annotator "TA"]
[PlyCount "32"]
[EventDate "2022.05.25"]
[EventType "swiss"]
[EventCountry "DEN"]
[SourceTitle "playchess.com"]
[Source "ChessBase"]
[SourceQuality "1"]
[TimeControl "40/5400+30:1800+30"]

1. d4 e6 2. c4 d5 3. Nc3 Nf6 4. cxd5 exd5 5. Bg5 c6 6. e3 Be7 7. Bd3 O-O 8. Nge2 Ne4 9. Bxe7 {[%emt 0:17:28] D35: Queen's Gambit Declined: Exchange Variation.} Qxe7 {[%emt 0:00:12] The position is equal.} 10. Bxe4 dxe4 11. Qc2 f5 12. h4 Na6 13. Nf4 Be6 {[%emt 0:00:57] Prevents Qb3.} 14. a3 {[%emt 0:01:14] Against Nb4} Nc7 {[%emt 0:00:56] [#]} 15. Nce2 $146 ({Predecessor:} 15. O-O-O Qf7 16. Rdg1 c5 17. dxc5 Bb3 18. Qe2 Ne6 19. Nxe6 Qxe6 20. g4 f4 21. Qb5 fxe3 22. fxe3 {½-½ (41) Svenneby,J-Grande,J Norway 1965}) 15... Bd5 16. g3 Rfd8 {An interesting draw.  Weighted Error Value: White=0.07 (flawless) /Black=0.06 (flawless)} 1/2-1/2

[Event "Fredericia Candidate 2022"]
[Site "Fredericia"]
[Date "2022.05.27"]
[Round "1.6"]
[White "Motzkus, Mikkel"]
[Black "Hye, Allan"]
[Result "1/2-1/2"]
[ECO "D02"]
[WhiteElo "1993"]
[BlackElo "2072"]
[Annotator "TA"]
[PlyCount "96"]
[EventDate "2022.05.25"]
[EventType "swiss"]
[EventCountry "DEN"]
[SourceTitle "playchess.com"]
[Source "ChessBase"]
[SourceQuality "1"]
[TimeControl "40/5400+30:1800+30"]

1. d4 d5 2. Nf3 Nf6 3. c4 e6 4. g3 c6 5. Bg2 Bd6 6. Nbd2 Nbd7 7. Qc2 O-O 8. O-O b6 9. e4 Nxe4 10. Nxe4 dxe4 11. Qxe4 Bb7 $1 12. Ne5 {[%emt 0:11:51] E01: Catalan: Early deviations.} Rc8 13. Bf4 {[%emt 0:13:02][%cal Oe5f7] aiming for Nxf7!} Qe7 {[%emt 0:04:22] [#]} 14. Rfe1 $146 {[%emt 0:20:39] White is slightly better.} ({Predecessor:} 14. Rac1 Rfe8 15. c5 Bxe5 16. Bxe5 bxc5 17. dxc5 Nxc5 18. Qb4 {1-0 (18) Thiele,M-Van Prooijen,J Netherlands 1995}) 14... Rfe8 15. Rad1 Red8 16. a3 Ba8 17. Nxd7 Rxd7 18. Bxd6 Qxd6 19. Qe5 Rcd8 20. f4 (20. Qe3 $11) 20... Qxe5 $15 21. Rxe5 Rxd4 22. Rxd4 Rxd4 {[%emt 0:00:07][%mdl 4096] Endgame KRB-KRB} 23. c5 Rd1+ 24. Kf2 Bb7 25. b4 Rd2+ 26. Re2 Rxe2+ 27. Kxe2 {[%emt 0:00:02] KB-KB} b5 28. Kd3 f6 29. Kd4 Kf7 30. Be4 h6 31. Bf3 Ke7 32. h4 Kd7 33. Bg4 Bc8 34. Bf3 Kc7 35. Be4 Bd7 36. Bg6 Kd8 37. Bh5 Ke7 38. Bf3 Be8 39. h5 Kd7 40. Be2 Ke7 41. Bf3 Kd7 42. Be2 Bf7 43. Bf3 Bg8 44. Be4 Bf7 45. Bf3 g6 46. g4 {[%cal Og4g5] [#] Black must now prevent g5!} g5 47. fxg5 hxg5 (47... e5+ $11 {and Black has nothing to worry.} 48. Ke4 Bd5+ 49. Kf5 e4 50. Bxe4 Bxe4+ 51. Kxe4 fxg5) 48. h6 $18 {Threatening mate with h7.} Be8 $2 {[%mdl 32768] Weighted Error Value: White=0.09 (flawless) /Black=0.19 (very precise) . An unexpected result.} (48... Bg8 49. Be4 Kc7) 1/2-1/2

[Event "Fredericia Candidate 2022"]
[Site "Fredericia"]
[Date "2022.05.28"]
[Round "3.1"]
[White "Loftgaard, Mikkel Vinh"]
[Black "Medhus, Vitus Bondo"]
[Result "1-0"]
[ECO "B22"]
[WhiteElo "2072"]
[BlackElo "2100"]
[Annotator "TA"]
[PlyCount "45"]
[EventDate "2022.05.25"]
[EventType "swiss"]
[EventCountry "DEN"]
[SourceTitle "playchess.com"]
[Source "ChessBase"]
[SourceQuality "1"]
[TimeControl "40/5400+30:1800+30"]

1. e4 c5 2. c3 Nf6 3. e5 Nd5 4. d4 cxd4 5. Nf3 Nc6 6. cxd4 d6 7. Bc4 Nb6 8. Bb5 dxe5 9. Nxe5 Bd7 {[%emt 0:00:10] Threatens to win with ...Nxe5.} 10. a4 {[%emt 0:00:06] B22: Sicilian: 2 c3.} Nxe5 11. dxe5 e6 12. O-O {[%emt 0:00:18] [#] The position is equal.} Qc7 $146 (12... Bxb5 $11 13. Qxd8+ Kxd8 14. axb5 Nd5) ({Predecessor:} 12... a6 13. Bxd7+ Nxd7 14. Bf4 g5 15. Be3 Nxe5 16. Qh5 Qf6 17. Nc3 Be7 18. f4 Nc4 {0-1 (47) Sveshnikov,E (2502)-Shirov,A (2701) Riga 2014}) 13. Be3 (13. Nc3 $14) 13... Nd5 (13... Bc6 $11) 14. Nc3 $14 Nxe3 15. fxe3 Bxb5 16. Nxb5 Qxe5 {[%emt 0:00:28] [#] White must now prevent ...Bc5.} 17. Qf3 {[%emt 0:00:09] White is more active.} ({White must play} 17. Rc1 $1 $16 {Strongly threatening Nc7+.} Rd8 18. Nc7+ (18. Qf3 f5 $16) 18... Ke7 19. Qb3) 17... O-O-O {[%emt 0:06:35] Prevents Nc7.} 18. Rac1+ {[%emt 0:02:02][%mdl 1024] White has compensation.} (18. Qxf7 Bc5 19. Rac1 Kb8 $17) 18... Kb8 $1 19. Rc7 ({Much weaker is} 19. Qxf7 Bc5 20. Rc3 Bxe3+ 21. Kh1 Bc5 22. Qc7+ (22. Rfc1 $2 Bb6 $17) 22... Qxc7 $17) 19... Qd5 (19... Rd5 $11 {and Black stays safe.}) 20. e4 $40 {[%emt 0:00:47][%mdl 128] White attacks with force.} ({Inferior is} 20. Rxf7 Qxf3 21. R1xf3 Bc5 $11) ({Not} 20. Qxf7 a6 21. Rc2 Rd7 22. Qe8+ Rd8 $11) 20... Qe5 (20... Bc5+ $16 21. Kh1 Qe5) 21. Qf2 $18 b6 22. Qxf7 Bc5+ {[%emt 0:06:39] [#]} 23. Kh1 $1 {[%emt 0:00:23] Weighted Error Value: White=0.32/Black=0.72} 1-0

[Event "Fredericia Candidate 2022"]
[Site "Fredericia"]
[Date "2022.05.28"]
[Round "3.2"]
[White "Madsen, Michael B."]
[Black "Motzkus, Mikkel"]
[Result "1/2-1/2"]
[ECO "D80"]
[WhiteElo "2084"]
[BlackElo "1993"]
[Annotator "TA"]
[PlyCount "30"]
[EventDate "2022.05.25"]
[EventType "swiss"]
[EventCountry "DEN"]
[SourceTitle "playchess.com"]
[Source "ChessBase"]
[SourceQuality "1"]
[TimeControl "40/5400+30:1800+30"]

1. d4 Nf6 2. c4 g6 3. Nc3 d5 4. Bg5 Ne4 5. h4 Nxc3 6. bxc3 {[%emt 0:00:13] D80: Grünfeld: Unusual White 4th moves and 4 Bg5.} Bg7 7. e3 c5 8. Nf3 {[%emt 0:02:49] White has an edge.} Nc6 {[%emt 0:01:15] [#]} 9. Qd2 $146 ({Predecessor:} 9. Rc1 Be6 10. Qa4 O-O 11. dxc5 h6 12. Bf4 Rc8 13. Nd2 Qd7 14. Be2 Rfd8 15. Qa3 {½-½ (52) Maghsoodloo,P (2590)-Gabuzyan,H (2566) Khomeyn 2017}) 9... O-O 10. h5 h6 11. hxg6 hxg5 $17 {[%emt 0:00:08] Black is better.} 12. gxf7+ Rxf7 13. Nxg5 Rf5 14. cxd5 {[%emt 0:04:16] [#] Strongly threatening e4.} Rxg5 15. dxc6 bxc6 {[%emt 0:04:25] Black took control after the opening.  Weighted Error Value: White=0.24 (precise) /Black=0.03 (flawless)} 1/2-1/2

[Event "Fredericia Candidate 2022"]
[Site "Fredericia"]
[Date "2022.05.28"]
[Round "3.3"]
[White "Thuesen, Mogens"]
[Black "Stentebjerg-Hansen, Per"]
[Result "1-0"]
[ECO "A40"]
[WhiteElo "2255"]
[BlackElo "2191"]
[Annotator "TA"]
[PlyCount "59"]
[EventDate "2022.05.25"]
[EventType "swiss"]
[EventCountry "DEN"]
[SourceTitle "playchess.com"]
[Source "ChessBase"]
[SourceQuality "1"]
[TimeControl "40/5400+30:1800+30"]

1. d4 b6 2. e4 Bb7 3. Bd3 e6 4. Nf3 d6 5. O-O g6 6. c4 {[%emt 0:00:32] B00: Queen's Fianchetto Defence, Nimzowitsch Defence.} Bg7 7. Nc3 (7. Bg5 {seems wilder.} Ne7 8. Qd2 h6 9. Be3) 7... Ne7 8. Be3 {[%emt 0:01:09] White is slightly better.} Nd7 9. Qd2 h6 (9... e5 $14) 10. Bc2 {[%emt 0:02:40] [#]} g5 $146 ({Predecessor:} 10... a6 11. b4 g5 12. h3 Nf6 13. Rad1 g4 14. Nh2 gxh3 15. g3 h5 16. Qe2 Ng4 {1-0 (45) Hracek,Z (2610)-Blatny,P (2388) Ostrava 2017}) 11. d5 e5 {[%emt 0:00:15] Inhibits Nd4.} 12. Kh1 O-O 13. Ng1 {[%emt 0:01:13][%cal Bf3g1,Bg1e2,Be2g3][%mdl 32] White is more active.} Nf6 14. Nge2 Ng6 15. Ng3 Nf4 16. b4 a6 17. c5 bxc5 (17... Bc8 $16 {keeps fighting.}) 18. bxc5 $18 dxc5 19. Bxc5 Re8 20. Ba4 {[%emt 0:06:53] Inhibits c6.} Nd7 21. Ba3 {[%emt 0:03:10] aiming for Rab1.} Bf8 22. Bxf8 Rxf8 23. Nf5 {[%emt 0:00:12] Black must now prevent g3.} Kh7 24. Rab1 $36 {[%emt 0:02:21][%cal Ba1b1,Bb1b7,Bb7b4][%mdl 2080] White is on the roll.} Nc5 (24... Bc8 {was worth a try.} 25. Ne3 Nb6) 25. g3 $2 (25. Qe3 $18 {and White stays clearly on top.} Nxa4 26. Rxb7 Nxc3 27. Qxc3) 25... Ng6 $2 {[%emt 0:07:44] A mistake that costs the game.} (25... Nxd5 $16 {might work better.} 26. exd5 Nxa4) 26. Qe3 Nxa4 27. Rxb7 ({Not} 27. Nxa4 Bc8 $16) 27... Qc8 $2 {[%emt 0:05:30] [#]} (27... Nxc3 28. Qxc3 Ne7) 28. Qf3 $1 {[%emt 0:01:20][%cal Of3h5] And now Qh5! would win. White is clearly winning.} Nf4 {[%emt 0:02:57] [#] Inhibits Qh5.} (28... Nxc3 29. Qh5) 29. gxf4 $1 {[%emt 0:03:18][%cal Of3h3] Qh3! would kill now.} Rg8 (29... a5 30. Qh5) 30. Rb4 {[%emt 0:03:48] Weighted Error Value: White=0.31/Black=0.41} 1-0

[Event "Fredericia Candidate 2022"]
[Site "Fredericia"]
[Date "2022.05.28"]
[Round "3.4"]
[White "Andries, Alf"]
[Black "Hoiberg, Nina"]
[Result "0-1"]
[ECO "C44"]
[WhiteElo "2049"]
[BlackElo "2183"]
[Annotator "TA"]
[PlyCount "36"]
[EventDate "2022.05.25"]
[EventType "swiss"]
[EventCountry "DEN"]
[SourceTitle "playchess.com"]
[Source "ChessBase"]
[SourceQuality "1"]
[TimeControl "40/5400+30:1800+30"]

1. e4 e5 2. Nf3 Nc6 3. d4 exd4 4. Nxd4 Qf6 5. Nb3 Qg6 6. f3 {[%emt 0:01:02] C45: Scotch Game.} Nf6 7. Be3 (7. Bf4 $14) 7... d5 8. exd5 (8. Nc3 $1 $11 {remains equal.}) 8... Nb4 $1 $17 {[%emt 0:02:55][%csl LRc2,LRd5] [#]} 9. Na3 $146 ({Predecessor:} 9. c4 Nc2+ 10. Kf2 Nxa1 11. Nxa1 Bd6 12. Nb3 O-O 13. Nd4 Bf5 14. Nc3 Rfe8 15. Nce2 {0-1 (68) Bauma,J (2254)-Olsar,J (2327) Czech Republic 2002}) 9... Nfxd5 10. Qe2 Nxe3 {[%emt 0:09:55] Black is more active.} (10... Be6 $17 {White must now prevent ...0-0-0.} 11. Qb5+ Bd7 12. Qxb7 Rd8) 11. Qxe3+ $15 Be7 12. c3 (12. O-O-O $1 $15) 12... Nd5 $36 {[%emt 0:01:23][%mdl 2048] Black is on the roll.} 13. Qe5 {[%emt 0:04:57] [#]} ({Not} 13. Bb5+ $2 c6 14. Qd2 Bf5 $1 $19) (13. Qd3 $17 {keeps fighting.} c6 14. Qxg6 hxg6 15. Nc4) 13... Be6 $1 $19 {[%emt 0:03:07] Strongly threatening ...0-0-0.} 14. Nb5 O-O 15. Qg3 ({Avoid the trap} 15. Nxc7 $2 Nxc7 16. Qxc7 Bxb3 17. axb3 Bh4+ 18. g3 Rfe8+ 19. Be2 Qc2 $19) (15. Kf2) 15... Qh6 {[%emt 0:08:18] Black is clearly winning.} 16. Qf2 Bg5 17. Nd2 Be3 18. Qe2 {[%emt 0:00:07] [#]} Nf4 $1 {[%emt 0:00:17] Weighted Error Value: White=0.97/Black=0.16 (very precise)} 0-1

[Event "Fredericia Candidate 2022"]
[Site "Fredericia"]
[Date "2022.05.28"]
[Round "3.5"]
[White "Petersen, Steen"]
[Black "Pedersen, Lars Wilton"]
[Result "0-1"]
[ECO "B01"]
[WhiteElo "2103"]
[BlackElo "2006"]
[Annotator "TA"]
[PlyCount "52"]
[EventDate "2022.05.25"]
[EventType "swiss"]
[EventCountry "DEN"]
[SourceTitle "playchess.com"]
[Source "ChessBase"]
[SourceQuality "1"]
[TimeControl "40/5400+30:1800+30"]

1. e4 d5 2. exd5 Nf6 3. d4 Nxd5 4. Nf3 g6 5. Bg5 Bg7 6. Nbd2 O-O 7. c3 b6 {[%emt 0:05:55] A48: 1 d4 Nf6 2 Nf3 g6: Torre, London and Colle Systems.} (7... h6 $11 8. Bh4 Nc6) 8. Bc4 $14 Bb7 9. O-O h6 {[%emt 0:04:54] White is slightly better.} 10. Bh4 Nd7 11. Re1 {[%emt 0:00:54] [#] aiming for Bxd5.} g5 $146 ({Predecessor:} 11... N7f6 12. a4 a5 13. Qb3 Qd7 14. Ne5 Qf5 15. Ndf3 e6 16. Bg3 Nf4 17. Bxf4 Qxf4 {1-0 (31) Bindrich,F (2512)-Eames,R (2304) Hastings 2007}) 12. Bg3 c5 13. Qb3 cxd4 14. cxd4 (14. Bxd5 $16 Nc5 {[#]} 15. Bxb7 $1 Nxb3 16. Nxb3) 14... N7f6 $11 15. Be5 e6 16. Rad1 Qe7 ({Black should play} 16... Rc8 $11) 17. a3 (17. h4 $5 ) 17... Rfd8 18. Nf1 a6 19. Ng3 b5 20. Bf1 Nf4 21. h4 (21. Bxf4 $11 {keeps the balance.} gxf4 22. Nf5) 21... Bd5 $17 {[%emt 0:01:31] Black is more active.} 22. Qe3 {[%emt 0:03:00] Now White is beyond hope.} (22. Qc3 $17) 22... Ng4 $1 $19 23. Qd2 {[%emt 0:01:37] Hoping for Bxg7.} Bxf3 24. Bxg7 Bxd1 {[%emt 0:01:40] Chess con chili.} 25. hxg5 $2 (25. Qxd1 h5 26. Be5) 25... Qxg5 {[%emt 0:00:47][%cal Og5h4] ( -> ...Qh4!)} 26. Rxd1 {[%emt 0:02:01] [#]} Qh4 $1 {[%emt 0:06:30] Weighted Error Value: White=0.86/Black=0.15 (very precise)} 0-1

[Event "Fredericia Candidate 2022"]
[Site "Fredericia"]
[Date "2022.05.28"]
[Round "3.6"]
[White "Zander, Emil"]
[Black "Hye, Allan"]
[Result "1-0"]
[ECO "B18"]
[WhiteElo "2018"]
[BlackElo "2072"]
[Annotator "TA"]
[PlyCount "78"]
[EventDate "2022.05.25"]
[EventType "swiss"]
[EventCountry "DEN"]
[SourceTitle "playchess.com"]
[Source "ChessBase"]
[SourceQuality "1"]
[TimeControl "40/5400+30:1800+30"]

1. e4 c6 2. d4 d5 3. Nc3 dxe4 4. Nxe4 Bf5 5. Ng3 Bg6 6. N1e2 e6 7. Nf4 Bd6 8. h4 Qc7 9. Nxg6 hxg6 10. Ne4 {[%emt 0:00:08] B18: Classical Caro-Kann: 4...Bf5 sidelines.} Bf4 11. Bxf4 Qxf4 12. Ng5 {[%emt 0:00:09] White is slightly better.} Nd7 13. g3 Qc7 14. Bh3 {[%emt 0:03:28] [#]} Ngf6 $146 ({Predecessor:} 14... Ndf6 15. Qe2 Ne7 16. O-O-O Nf5 17. h5 Nxd4 18. Rxd4 Rxh5 19. f4 Qe7 20. Bg2 Qc5 21. Rhd1 Rh2 22. Bxc6+ {1-0 (22) Kejzar,P (1930)-Franciskovic,B (2309) Bol 2015}) 15. Qe2 Qa5+ 16. c3 O-O 17. O-O Rfe8 18. Qc2 Nf8 19. Rfe1 Rad8 20. Re5 Rd5 21. Qb3 Qc7 22. Bg2 Rxe5 23. dxe5 Ng4 24. f4 Rd8 25. c4 $2 {[%emt 0:07:14][%mdl 8192] [#]} (25. Bf3 $11 {and White has nothing to worry.} Ne3 26. Ne4) 25... Qb6+ $2 ({And not} 25... Rd2 26. Ne4 Re2 27. Rd1 $15) (25... Rd3 $1 $19 26. Qc2 (26. Qxd3 $2 {perishes.} Qb6+ 27. Kh1 Nf2+ 28. Kh2 Nxd3 $19) 26... Rxg3) 26. Qxb6 $14 axb6 27. Ne4 Ne3 28. Nd6 Rd7 29. Be4 (29. Kf2 $14 Nf5 30. Rd1) 29... f6 $11 30. Re1 fxe5 31. Nxb7 exf4 32. gxf4 Nxc4 33. b3 Na5 ({Better is} 33... Rxb7 $11 34. bxc4 Rf7) 34. Nxa5 $14 {[%emt 0:00:33] White is more active.} bxa5 35. Bxc6 {[%emt 0:00:08] KRB-KRN} Rd2 (35... Rd6 $1 $11 {keeps the balance.} 36. Bf3 Nd7) 36. a4 $16 Rc2 (36... Rd6 $142 37. Rc1 Nd7) 37. Bb5 {[%emt 0:01:36] White is clearly better.} Rc5 38. Re5 Rc7 (38... Rxe5 $16 39. fxe5 Kf7) 39. Bc4 Kf7 $2 {Weighted Error Value: White=0.28 (precise) /Black=0.26 (precise)} (39... Ra7 40. Kg2 (40. Bxe6+ Nxe6 41. Rxe6 Rb7 $16) 40... Kf7) 1-0

[Event "Fredericia Candidate 2022"]
[Site "Fredericia"]
[Date "2022.05.29"]
[Round "4.1"]
[White "Motzkus, Mikkel"]
[Black "Loftgaard, Mikkel Vinh"]
[Result "1-0"]
[ECO "A36"]
[WhiteElo "1993"]
[BlackElo "2072"]
[Annotator "TA"]
[PlyCount "67"]
[EventDate "2022.05.25"]
[EventType "swiss"]
[EventCountry "DEN"]
[SourceTitle "playchess.com"]
[Source "ChessBase"]
[SourceQuality "1"]
[TimeControl "40/5400+30:1800+30"]

1. c4 c5 2. Nc3 Nc6 3. g3 Nf6 4. Bg2 e6 5. e4 d5 6. exd5 {[%emt 0:08:42] A19: English Opening: Flohr-Mikenas System with 3...c5.} exd5 7. d3 Be6 {[%emt 0:02:53] [#]} 8. Bg5 $146 {[%emt 0:06:40] The position is equal.} ({Predecessor:} 8. cxd5 Nxd5 9. Nge2 Be7 10. O-O O-O 11. Nf4 Nxc3 12. bxc3 Qd7 13. Nxe6 Qxe6 14. Re1 {½-½ (32) Dmitriev,S (1916)-Pshenichny,V (2024) St Petersburg 2011}) 8... dxc4 9. dxc4 Be7 10. b3 h6 11. Be3 Ng4 12. Nd5 (12. Nge2 $11) 12... Nxe3 $15 13. Nxe3 {[%emt 0:04:31] [#]} Qa5+ $1 14. Qd2 Nb4 ({Black should play} 14... Qxd2+ $17 15. Kxd2 O-O-O+ 16. Bd5 Bf6) 15. Ke2 (15. Rd1 $1 $15) 15... Bf6 16. Rd1 O-O 17. Nh3 $2 (17. Kf1) 17... Rad8 $19 18. Nd5 {[%emt 0:00:42] [#]} Bxd5 $2 (18... Rxd5 $1 19. Bxd5 Bxh3) 19. Bxd5 Qa3 {[%emt 0:00:24] ...b5 is the strong threat.} ({Weaker is} 19... Qc7 20. Nf4 $15) 20. Nf4 Nxa2 21. Kf3 Qxb3+ 22. Kg2 Nc3 {[%emt 0:00:48] Against Rb1. Threatens to win with ...b5.} 23. Rc1 $2 (23. Qd3 $17 {was called for.}) 23... b5 24. Qd3 bxc4 25. Qxc4 Qxc4 26. Bxc4 Rd2 {[%emt 0:01:46] Against Rc2. Strongly threatening ...g5.} 27. Rhe1 Bd4 28. Re7 (28. Ne2 $17 {is a better defense.} Nxe2 29. Rxe2 Rxe2 30. Bxe2) 28... Rxf2+ 29. Kh1 a5 30. Ng6 Rb8 {[%emt 0:00:19] White must now prevent ...Rf6.} 31. Nf4 Rbb2 $2 (31... Kh8 $17 32. Rxf7 Ne4) 32. Bxf7+ {[%emt 0:00:16] White mates.} Kh8 33. Re8+ Kh7 34. Bg6# {White used his chance.  Weighted Error Value: White=0.57/Black=0.57} 1-0